 Dungeon Crawl Stone Soup version 0.28.0-47-ge53b351184 (webtiles) character file.

Game seed: 11626811545634429723

242050 RatsInWalls the Hand of Fortune (level 18, -13/129 (151) HPs)
             Began as a Demonspawn Monk on May 9, 2022.
             Was the Champion of Nemelex Xobeh.
             Killed from afar by a halazid warlock (48 damage)
             ... with a ghostly fireball
             ... in the Desolation of Salt on May 10, 2022.
             The game lasted 02:08:36 (31303 turns).

RatsInWalls the Hand of Fortune (Demonspawn Monk)  Turns: 31303, Time: 02:08:36

HP:   -13/129 (151) AC: 24    Str: 18    XL:     18   Next: 66%
MP:   0/31          EV: 15    Int: 13    God:    Nemelex Xobeh [******]
Gold: 2340          SH: 12    Dex: 16    Spells: 17/17 levels left

rFire   + + +      SeeInvis .   i - +11 rapier "Eviscerator" {flame, rElec rF++}
rCold   . . .      Faith    .   P - +0 kite shield
rNeg    . . .      Spirit   +   K - +2 swamp dragon scales
rPois   +          Reflect  .   o - +2 hat
rElec   +          Harm     .   j - +0 cloak {rCorr}
rCorr   +          Rampage  .   B - +0 pair of gloves
Will    +....                   N - +0 pair of boots
Stlth   +.........              n - amulet of regeneration
HPRegen 1.11/turn               c - +4 ring of slaying
MPRegen 0.44/turn               x - ring of protection from fire

@: studying Long Blades, heavily drained
A: thin metallic scales 3, ignite blood 2, augmentation 2, magic shield, magic
regeneration, demonic touch 2
}: 2/15 runes: decaying, serpentine
a: Renounce Religion, Draw Escape, Draw Destruction, Draw Summoning, Triple
Draw, Deal Four, Stack Five


You were in the Desolation of Salt.
You worshipped Nemelex Xobeh.
Nemelex Xobeh was exalted by your worship.
You visited 6 branches of the dungeon, and saw 31 of its levels.
You also visited: Ice Cave and Desolation.

You collected 2564 gold pieces.
You spent 224 gold pieces at shops.

Inventory:

Hand Weapons
 i - the +11 rapier "Eviscerator" (weapon) {flame, rElec rF++}
   (You found it on level 15 of the Dungeon)

   It burns those it strikes, dealing additional fire damage.
   rF:        It greatly protects you from fire.
   rElec:     It insulates you from electricity.
 Z - a +1 spectral great sword
Missiles
 C - a throwing net
Armour
 j - a +0 cloak of preservation (worn)
 o - a +2 hat (worn)
 B - a +0 pair of gloves (worn)
 H - a +0 tower shield
 K - +2 swamp dragon scales (worn)
 N - a +0 pair of boots (worn)
 P - a +0 kite shield (worn)
Jewellery
 a - a ring of protection from cold
 c - a +4 ring of slaying (left hand)
 h - a ring of poison resistance
 n - an amulet of regeneration (around neck)
 s - a ring of resist corrosion
 x - a ring of protection from fire (right hand)
Wands
 E - a wand of acid (5)
 G - a wand of iceblast (32)
 I - a wand of digging (33)
 J - a wand of paralysis (34)
 S - a wand of charming (2)
Scrolls
 e - 24 scrolls of teleportation
 f - 6 scrolls of fog
 l - 8 scrolls of blinking
 r - 16 scrolls of identify
 v - a scroll of silence
 w - 12 scrolls of magic mapping
 y - 5 scrolls of fear
 L - 2 scrolls of enchant weapon
 M - 2 scrolls of amnesia
 Q - a scroll of brand weapon
 X - 2 scrolls of summoning
 Y - 4 scrolls of enchant armour
Potions
 b - 5 potions of might
 d - 9 potions of haste
 g - 6 potions of flight
 k - 6 potions of mutation
 m - 3 potions of resistance
 p - 13 potions of curing
 q - 3 potions of invisibility
 t - 4 potions of ambrosia
 u - 3 potions of brilliance
 z - 6 potions of lignification
 A - a potion of berserk rage
 F - 2 potions of magic
 V - a potion of cancellation
Miscellaneous
 O - a condenser vane
 R - a phial of floods


   Skills:
 + Level 15.8 Fighting
 + Level 17.1 Long Blades
 + Level 14.3 Armour
 - Level 11.3 Dodging
 - Level 2.1 Stealth
 * Level 10.1 Shields
 + Level 19.3 Invocations


You had 17 spell levels left.
You didn't know any spells.
Your spell library contained the following spells:

 Spells                   Type           Power      Damage    Failure   Level
 Apportation              Tloc           0%         N/A       71%         1
 Sandblast                Erth           0%         2d4       71%         1
 Shock                    Conj/Air       0%         1d3       71%         1
 Ensorcelled Hibernation  Hex/Ice        0%         N/A       83%         2
 Passwall                 Tmut/Erth      0%         N/A       83%         2
 Sublimation of Blood     Necr           0%         N/A       83%         2
 Wereblood                Tmut           0%         N/A       83%         2
 Gell's Gravitas          Tloc           0%         N/A       97%         3
 Ignite Poison            Fire/Tmut/Pois 0%         N/A       97%         3
 Lesser Beckoning         Tloc           0%         N/A       97%         3
 Mephitic Cloud           Conj/Pois/Air  0%         N/A       97%         3
 Spider Form              Tmut/Pois      0%         N/A       97%         3
 Stone Arrow              Conj/Erth      0%         3d7       97%         3
 Swiftness                Air            0%         N/A       97%         3
 Teleport Other           Tloc           0%         N/A       97%         3
 Tukima's Dance           Hex            0%         N/A       97%         3
 Airstrike                Air            0%         N/A       100%        4
 Anguish                  Hex/Necr       0%         N/A       100%        4
 Petrify                  Tmut/Erth      0%         N/A       100%        4
 Summon Ice Beast         Ice/Summ       0%         N/A       100%        4
 Alistair's Intoxication  Tmut/Pois      0%         N/A       100%        5
 Fireball                 Conj/Fire      0%         3d3       100%        5
 Freezing Cloud           Conj/Ice/Air   0%         6-21      100%        5
 Irradiate                Conj/Tmut      0%         3d14      100%        5
 Iskenderun's Battlesphe  Conj           0%         2d6       100%        5
 Summon Forest            Summ/Tloc      0%         N/A       100%        5
 Summon Mana Viper        Hex/Summ       0%         N/A       100%        5
 Conjure Ball Lightning   Conj/Air       0%         3x3d6     100%        6
 Eringya's Noxious Bog    Tmut/Pois      0%         N/A       100%        6
 Simulacrum               Ice/Necr       0%         N/A       100%        6
 Enfeeble                 Hex            0%         N/A       100%        7
 Monstrous Menagerie      Summ           0%         N/A       100%        7
 Orb of Destruction       Conj           0%         9d5       100%        7
 Summon Hydra             Summ           0%         N/A       100%        7
 Polar Vortex             Ice            0%         N/A       100%        9


Dungeon Overview and Level Annotations

Branches:
Dungeon (15/15)            Temple (1/1) D:4            Lair (6/6) D:8
  Swamp (4/4) Lair:2        Snake (4/4) Lair:4        Slime (0/5) Lair:6
    Orc (0/2) D:10         Vaults (1/5) D:13         Depths (0/4) D:15
  IceCv (visited)         Desolation (1/1)

Altars:
Ashenzari
Cheibriados
Dithmenos
Elyvilon
Fedhas
Gozag
Hepliaklqana
Kikubaaqudgha
Makhleb
Nemelex Xobeh
Okawaru
Qazlal
Ru
Sif Muna
Trog
Uskayaw
Vehumet
Wu Jian
Xom
Yredelemnul
Zin
The Shining One

Shops:
D:8 (   D:9 =   D:15 (   Snake:2 **=::


Innate Abilities, Weirdness & Mutations

You are completely covered in thin metallic scales. (AC +4, rElec)
Your demonic aura often causes spilled blood to erupt in flames.
Your magical and physical power is enhanced at high health.
When hurt, damage is shared between your health and your magic reserves.
You regenerate magic rapidly.
Your touch may inflict irresistible damage on your foes.


Message History

The halazid warlock gestures wildly while chanting.
You puncture the halazid warlock! You burn the halazid warlock.
The halazid warlock is moderately damaged.
You puncture the halazid warlock! You burn the halazid warlock.
The halazid warlock is heavily damaged.
You block the saltling's attack.
The halazid warlock gestures at you while chanting.
The bolt of cold hits you!!
Your +2 executioner's axe of the Mushroom {freeze, rElec rPois rC+ Dex+3} barely misses the halazid warlock.
You hit the halazid warlock but do no damage.
The halazid warlock is heavily damaged.
You block the saltling's attack.
The halazid warlock touches you but does no damage.
Your +2 executioner's axe of the Mushroom {freeze, rElec rPois rC+ Dex+3} hits the halazid warlock.
The ragged hierophant gestures wildly while chanting.
The ragged hierophant begins to accept its allies' injuries.
You puncture the halazid warlock! You burn the halazid warlock.
The halazid warlock is severely damaged.
The saltling completely misses you.
The halazid warlock casts a spell at you.
The bolt of negative energy hits you!!!
You feel drained.
* * * LOW HITPOINT WARNING * * *
Your +2 executioner's axe of the Mushroom {freeze, rElec rPois rC+ Dex+3} completely misses the halazid warlock.
You draw a card...
You have drawn Degeneration.
The halazid warlock is dazed by the mutagenic energy.
The ragged hierophant evaporates and reforms as a guardian serpent!
The guardian serpent twists and deforms.
The saltling is dazed by the mutagenic energy. x3
The saltling is lost in a daze. x3
The guardian serpent completely misses you.
The halazid warlock gestures at the guardian serpent while chanting.
The guardian serpent's animating energy erupts into ghostly fire!
The ghostly flame explodes!
The ghostly fireball engulfs the halazid warlock.
The halazid warlock completely resists.
The ghostly fireball engulfs the saltling.
The saltling completely resists.
The ghostly fireball engulfs you!!!
You feel drained.
You die...
Your body glows with a rainbow of weird colours and disappears.

.... ......... ... ....
.......... ... ....#..........
....§ .............#.
.............§§§.§..........
.........†..§§§§§#§........ ..#
...........§§§§§§§##.§...§##..#
........§§.)§§(§§§§§§.........#
8..8......§L@§§§§§..........#
...8...§99§§§§§§§......§..#
#)....)§.9#§§§§......§...#
#)...§§§§§§.§§§)...§§§..
#[.....§§§§§§§§§§.§§§...
#.....§§.§§..§§.§§§§§...
##†#....§.§§§§§§..§§§.§..
#........§§§§.§§§∩§.§....
.8..........§.§§§§.§§§§.§.§..§.


You could see a halazid warlock (sheltered, dazed, ally target), 3 saltlings and
a friendly +2 executioner's axe of the Mushroom {freeze, rElec rPois rC+ Dex+3}
(summoned).

Vanquished Creatures
  Jorgrun (Snake:3)
  2 quicksilver dragons (Snake:4)
  A thorn hunter (Swamp:4)
  A tengu reaver (D:15)
  A storm dragon (D:15)
  6 nagarajas
  An azure jelly (Snake:4)
  2 emperor scorpions
  The ghost of Icepheonix32 the Gelid, an adept DsIE of Uskayaw (Swamp:1)
  The ghost of Kolaoc the Bludgeoner, a journeyman MiBe of Trog (Swamp:2)
  Aizul (Snake:4)
  2 ghouls (Swamp:1)
  2 stone giants (D:15)
  An eleionoma (Swamp:1)
  An entropy weaver (Lair:5)
  Nessos (D:14)
  A bunyip (Swamp:4)
  An ettin (D:15)
  2 fire dragons
  3 shambling mangroves
  6 ragged hierophants (Desolation)
  2 ghost crabs
  3 servants of whispers
  2 boulder beetles
  7 vault guards
  4 peacekeepers (Desolation)
  24 hydras
  A spriggan air mage (Swamp:3)
  4 anacondas
  8 naga warriors
  A jorogumo (Lair:5)
  9 salamander tyrants
  6 two-headed ogres
  7 centaur warriors
  2 death knights (D:13)
  7 alligators
  5 death yaks
  5 tengu warriors
  8 naga sharpshooters
  8 shock serpents
  A spriggan berserker (Swamp:4)
  2 skeletal warriors
  2 spriggan druids (Swamp:2)
  3 goliath frogs (Swamp:2)
  An iron troll (Snake:4)
  4 bog bodies
  A swamp dragon (shapeshifter) (D:14)
  4 naga ritualists
  12 swamp dragons
  A wizard (D:14)
  A deep elf archer (D:14)
  2 phantasmal warriors
  An ironbound convoker (Vaults:1)
  3 lindwurms
  Pikel (D:7)
  A deep elf pyromancer (D:14)
  7 mana vipers
  An oklob plant (Lair:6)
  3 manticores
  20 ugly things
  A faun (Lair:6)
  9 elephants
  7 slime creatures
  2 cyclopes (D:13)
  10 salamanders
  6 will-o-the-wisps
  3 ice statues (IceCv)
  9 guardian serpents
  27 black mambas
  22 naga magi
  2 unseen horrors
  7 torpor snails
  A gargoyle (D:13)
  12 cane toads
  An efreet (D:15)
  Maggie (D:7)
  3 tengu conjurers
  4 rime drakes
  An entropy weaver simulacrum (IceCv)
  19 komodo dragons
  5 freezing wraiths
  2 trolls
  A wandering mushroom (Lair:6)
  10 tyrant leeches
  15 hornets
  A queen bee (shapeshifter) (D:9)
  3 polar bears (Lair:5)
  A tarantella (shapeshifter) (D:14)
  21 saltlings
  12 dream sheep
  18 blink frogs
  5 spriggans
  Sigmund (D:2)
  A culicivora (Snake:2)
  A dire elephant simulacrum (IceCv)
  3 wyverns
  A vampire (D:11)
  40 yaks
  7 basilisks
  A hog (shapeshifter) (D:15)
  16 vampire mosquitoes
  4 steam dragons
  2 death yak simulacra (IceCv)
  A warg (shapeshifter) (D:12)
  A harpy simulacrum (IceCv)
  40 nagas
  A death drake simulacrum (Swamp:1)
  11 swamp worms
  2 acid dragons
  14 water moccasins
  8 orc warriors
  11 swamp drakes
  3 black bears
  A spriggan simulacrum (Swamp:1)
  A necrophage (Swamp:1)
  7 wolves
  2 boggarts (D:15)
  3 ogres (D:10)
  10 centaurs
  3 lemures (D:7)
  A phantom (D:6)
  6 kobold brigands
  2 gnoll sergeants
  10 bullfrogs
  9 scorpions
  A water moccasin zombie (D:5)
  A wyvern zombie (D:7)
  A water moccasin skeleton (D:5)
  24 killer bees
  17 wights
  An elephant simulacrum (IceCv)
  4 electric eels
  2 howler monkeys (D:9)
  3 centaur zombies
  4 hounds
  3 bullfrog skeletons
  4 orc priests
  2 jellies
  3 centaur skeletons
  Terence (D:3)
  11 iguanas
  6 orc wizards
  2 wolf simulacra (IceCv)
  A killer bee zombie (D:8)
  A howler monkey zombie (D:10)
  5 gnolls
  10 adders
  2 shadow imps (Lair:2)
  5 white imps (Lair:2)
  5 ufetubi (Lair:2)
  An adder skeleton (D:5)
  3 dart slugs
  37 orcs
  6 ball pythons
  8 endoplasms
  7 giant cockroaches
  5 goblins
  5 hobgoblins (D:1)
  11 jackals
  16 kobolds
  4 quokkas
  3 bats
  14 frilled lizards
  6 rats
  A briar patch (Swamp:3)
  2 butterflies (D:8)
935 creatures vanquished.

Vanquished Creatures (collateral kills)
  A thorn hunter (Swamp:3)
  Donald (Swamp:3)
  An imperial myrmidon (Desolation)
  A ghost moth (Lair:5)
  A quicksilver ooze (Lair:5)
  An eleionoma (Swamp:1)
  2 bunyips (Swamp:3)
  An entropy weaver (Lair:5)
  A ragged hierophant (Desolation)
  A ghost crab (Swamp:3)
  A peacekeeper (Desolation)
  A centaur warrior (D:14)
  2 hydras
  4 alligators (Swamp:3)
  2 skeletal warriors (D:14)
  2 goliath frogs
  A swamp dragon (Swamp:4)
  A bog body (Swamp:2)
  An ironbound convoker (Desolation)
  4 ugly things (D:15)
  A guardian serpent (Desolation)
  A freezing wraith (D:12)
  2 tyrant leeches (Swamp:3)
  13 saltlings (Desolation)
  2 spriggans (Swamp:2)
  A yak (shapeshifter) (D:14)
  3 vampire mosquitoes
  3 swamp worms (Swamp:3)
  A hydra simulacrum (Swamp:1)
  A swamp drake (Swamp:4)
  A spriggan simulacrum (Swamp:1)
  A gnoll sergeant (D:10)
  A briar patch (Swamp:3)
61 creatures vanquished.

Vanquished Creatures (others)
  An unseen horror (shapeshifter) (D:14)
  A bloated husk (Swamp:3)
  A tyrant leech (Swamp:3)
  A boggart (D:15)
  An iguana (Lair:6)
  A frilled lizard (Lair:1)
  A briar patch (Swamp:3)
  38 foxfires
  30 fungi
  83 plants
158 creatures vanquished.

Grand Total: 1154 creatures vanquished

Notes
Turn   | Place    | Note
-------+----------+-------------------------------------------
     0 | D:1      | RatsInWalls the Demonspawn Monk began the quest for the
                  | Orb.
     0 | D:1      | Reached XP level 1. HP: 18/18 MP: 1/1
   246 | D:1      | Gained mutation: Your demonic aura sometimes causes spilled
                  | blood to erupt in flames. [demonic ancestry]
   246 | D:1      | Reached XP level 2. HP: 24/24 MP: 2/2
   774 | D:1      | Gained mutation: You regenerate magic rapidly. [demonic
                  | ancestry]
   774 | D:1      | Reached XP level 3. HP: 24/29 MP: 3/3
   849 | D:1      | Reached skill level 1 in Armour
  2192 | D:2      | Noticed Sigmund
  2210 | D:2      | Killed Sigmund
  2211 | D:2      | Reached XP level 4. HP: 7/37 MP: 4/4
  2211 | D:2      | Gained mutation: You are partially covered in thin metallic
                  | scales. (AC +2) [demonic ancestry]
  2211 | D:2      | Reached XP level 5. HP: 7/42 MP: 5/5
  2590 | D:3      | Noticed Terence
  2600 | D:3      | Killed Terence
  2642 | D:3      | Found a shimmering blue altar of Sif Muna.
  2935 | D:4      | Reached XP level 6. HP: 43/49 MP: 6/6
  3030 | D:4      | Found a staircase to the Ecumenical Temple.
  3036 | Temple   | Entered the Ecumenical Temple
  3208 | Temple   | Became a worshipper of Nemelex Xobeh the Trickster
  3208 | Temple   | Reached * piety under Nemelex Xobeh
  3208 | Temple   | Received a gift from Nemelex Xobeh
  3208 | Temple   | Reached ** piety under Nemelex Xobeh
  3339 | D:4      | Reached skill level 1 in Invocations
  3773 | D:5      | Entered Level 5 of the Dungeon
  3841 | D:5      | Reached skill level 2 in Invocations
  3930 | D:5      | Reached skill level 5 in Fighting
  3930 | D:5      | Reached XP level 7. HP: 38/56 MP: 8/8
  4082 | D:5      | Reached skill level 3 in Invocations
  4327 | D:5      | Reached *** piety under Nemelex Xobeh
  4680 | D:6      | Received a gift from Nemelex Xobeh
  4784 | D:6      | Reached skill level 4 in Invocations
  4815 | D:6      | Reached skill level 5 in Long Blades
  4824 | D:6      | Gained mutation: Your touch may inflict minor irresistible
                  | damage on your foes. [demonic ancestry]
  4824 | D:6      | Reached XP level 8. HP: 60/64 MP: 11/11
  5213 | D:6      | Reached skill level 5 in Invocations
  5295 | D:7      | Identified the +10 dagger of Righteous Anger {venom,
                  | *Corrode rN++ Will- Str+8}
  5512 | D:7      | Reached skill level 5 in Armour
  5512 | D:7      | Reached skill level 6 in Invocations
  5520 | D:7      | Gained mutation: Your demonic aura often causes spilled
                  | blood to erupt in flames. [demonic ancestry]
  5520 | D:7      | Reached XP level 9. HP: 67/71 MP: 13/13
  5550 | D:7      | Identified the +3 long sword "Tigaz" {flame, +Blink rC-
                  | Int+5 SInv}
  5708 | D:7      | Noticed Pikel
  5731 | D:7      | Killed Pikel
  5750 | D:7      | Received a gift from Nemelex Xobeh
  5887 | D:7      | Noticed Maggie
  5889 | D:7      | Paralysed by Maggie for 4 turns
  5895 | D:7      | Killed Maggie
  5896 | D:7      | Reached skill level 7 in Invocations
  6080 | D:8      | Identified the +1 leather armour of Anaesthesia {+Blink rN+
                  | Str+4 Stlth-}
  6083 | D:8      | Reached **** piety under Nemelex Xobeh
  6104 | D:8      | Found Nefepho's Weapon Emporium.
  6124 | D:8      | Noticed a two-headed ogre
  6136 | D:8      | Killed a two-headed ogre
  6177 | D:8      | Found a staircase to the Lair.
  6403 | D:8      | Found a runed translucent door.
  6406 | D:8      | Found a runed translucent door.
  6417 | D:8      | Gained mutation: Your touch may inflict irresistible damage
                  | on your foes. [demonic ancestry]
  6417 | D:8      | Reached XP level 10. HP: 79/79 MP: 15/15
  6449 | D:8      | Reached skill level 8 in Invocations
  6556 | D:8      | Received a gift from Nemelex Xobeh
  7113 | D:9      | Noticed a two-headed ogre
  7119 | D:9      | Killed a two-headed ogre
  7234 | D:9      | Found Mynuodot's Jewellery Shoppe.
  7334 | D:9      | Reached skill level 9 in Invocations
  7410 | D:9      | Found a bloodstained altar of Trog.
  7410 | D:9      | Found a basalt altar of Yredelemnul.
  7564 | D:9      | Noticed a manticore
  7574 | D:9      | Killed a manticore
  7575 | D:9      | Reached skill level 5 in Dodging
  7697 | D:10     | Entered Level 10 of the Dungeon
  7719 | D:10     | Received a gift from Nemelex Xobeh
  7867 | D:10     | Reached ***** piety under Nemelex Xobeh
  7976 | D:10     | Gained mutation: When hurt, damage is shared between your
                  | health and your magic reserves. [demonic ancestry]
  7976 | D:10     | Reached XP level 11. HP: 77/87 MP: 18/18
  8011 | D:10     | Found an opulent altar of Gozag.
  8106 | D:10     | Found a staircase to the Orcish Mines.
  8373 | D:10     | Reached skill level 10 in Invocations
  8706 | D:11     | Noticed a white ugly thing
  8721 | D:11     | Killed a white ugly thing
  8730 | D:11     | Received a gift from Nemelex Xobeh
  8898 | D:11     | Noticed a two-headed ogre
  8910 | D:11     | Killed a two-headed ogre
  8932 | D:11     | Received a gift from Nemelex Xobeh
  9321 | Lair:1   | Entered Level 1 of the Lair of Beasts
  9585 | Lair:1   | Received a gift from Nemelex Xobeh
  9736 | Lair:1   | Reached skill level 11 in Invocations
 10067 | Lair:1   | Gained mutation: You are mostly covered in thin metallic
                  | scales. (AC +3) [demonic ancestry]
 10067 | Lair:1   | Reached XP level 12. HP: 97/97 MP: 20/20
 10298 | Lair:1   | Reached skill level 10 in Long Blades
 10308 | Lair:1   | Reached skill level 10 in Fighting
 10495 | Lair:2   | Found a frozen archway.
 10570 | IceCv    | Entered an ice cave
 11210 | Lair:2   | Received a gift from Nemelex Xobeh
 11258 | Lair:2   | Reached skill level 12 in Invocations
 11309 | Lair:2   | Found a staircase to the Swamp.
 11458 | Lair:2   | Received a gift from Nemelex Xobeh
 11558 | Lair:2   | Reached ****** piety under Nemelex Xobeh
 12282 | Lair:3   | Received a gift from Nemelex Xobeh
 12560 | Lair:3   | Gained mutation: Your magical and physical power is
                  | slightly enhanced at high health. [demonic ancestry]
 12560 | Lair:3   | Reached XP level 13. HP: 104/104 MP: 20/22
 12697 | Lair:3   | Received a gift from Nemelex Xobeh
 13429 | Lair:4   | Received a gift from Nemelex Xobeh
 13436 | Lair:4   | Reached skill level 13 in Invocations
 13464 | Lair:4   | Found a staircase to the Snake Pit.
 13697 | Lair:4   | Reached skill level 10 in Armour
 14487 | Lair:5   | Received a gift from Nemelex Xobeh
 14728 | Lair:5   | Noticed an entropy weaver
 14728 | Lair:5   | a death yak changed into an entropy weaver
 14728 | Lair:5   | Noticed a quicksilver ooze
 14728 | Lair:5   | a death yak changed into a quicksilver ooze
 14728 | Lair:5   | Noticed an emperor scorpion
 14728 | Lair:5   | a death yak changed into an emperor scorpion
 14728 | Lair:5   | Noticed an entropy weaver
 14728 | Lair:5   | a death yak changed into an entropy weaver
 14731 | Lair:5   | Killed an entropy weaver
 14731 | Lair:5   | Killed a quicksilver ooze
 14732 | Lair:5   | Gained mutation: Your magical and physical power is
                  | enhanced at high health. [demonic ancestry]
 14732 | Lair:5   | Reached XP level 14. HP: 30/114 MP: 9/24
 14735 | Lair:5   | Killed a ghost moth
 14748 | Lair:5   | Killed an emperor scorpion
 14834 | Lair:5   | Received a gift from Nemelex Xobeh
 14864 | Lair:5   | Reached skill level 14 in Invocations
 15165 | Lair:6   | Entered Level 6 of the Lair of Beasts
 15230 | Lair:6   | Found a staircase to the Slime Pits.
 15557 | Lair:6   | Received a gift from Nemelex Xobeh
 15608 | Lair:6   | Found a runed translucent door.
 16334 | Lair:6   | Received a gift from Nemelex Xobeh
 16344 | Lair:6   | Identified the +8 short sword of Xias {vorpal, rElec rF-
                  | Int+4}
 16641 | Lair:6   | Noticed an emperor scorpion
 16641 | Lair:6   | a death yak changed into an emperor scorpion
 16660 | Lair:6   | Killed an emperor scorpion
 17037 | D:12     | Received a gift from Nemelex Xobeh
 17123 | D:12     | Reached skill level 10 in Dodging
 17629 | D:13     | Reached skill level 15 in Invocations
 17866 | D:12     | Gained mutation: You are completely covered in thin
                  | metallic scales. (AC +4, rElec) [demonic ancestry]
 17866 | D:12     | Reached XP level 15. HP: 47/122 MP: 14/26
 18465 | D:13     | Received a gift from Nemelex Xobeh
 18503 | D:13     | Found a gate to the Vaults.
 18650 | D:13     | Received a gift from Nemelex Xobeh
 18652 | D:13     | Found an ancient bone altar of Kikubaaqudgha.
 19324 | D:14     | Noticed Nessos
 19334 | D:14     | Killed Nessos
 19345 | D:14     | Identified the +6 shortbow "Xiar" {flame, rPois Str+3}
 19350 | D:14     | Received a gift from Nemelex Xobeh
 19580 | D:14     | Reached skill level 16 in Invocations
 19810 | D:15     | Entered Level 15 of the Dungeon
 19859 | D:15     | Found Haokhlorph's Antique Weapon Shoppe.
 20083 | D:15     | Received a gift from Nemelex Xobeh
 20312 | D:15     | Found a staircase to the Depths.
 20497 | D:15     | Noticed a tengu reaver
 20504 | D:15     | Killed a tengu reaver
 20505 | D:15     | Reached XP level 16. HP: 71/132 MP: 15/28
 20599 | D:15     | Noticed a storm dragon
 20600 | D:15     | Identified the +11 rapier "Eviscerator" {flame, rElec rF++}
 20608 | D:15     | Killed a storm dragon
 20893 | Swamp:1  | Entered Level 1 of the Swamp
 21055 | Swamp:1  | Reached skill level 1 in Shields
 21209 | Swamp:1  | Received a gift from Nemelex Xobeh
 21262 | Swamp:1  | Found a transporter.
 21264 | Swamp:1  | Noticed Icepheonix32's ghost (adept DsIE)
 21280 | Swamp:1  | Found a transporter.
 21309 | Swamp:1  | Killed Icepheonix32's ghost
 21415 | Swamp:1  | Identified the +8 hand axe "Vefacaq" {freeze, *Rage rF+ rC-
                  | Int+8}
 22160 | Swamp:2  | Reached skill level 17 in Invocations
 22332 | Swamp:2  | You fall into a shaft and drop 1 floor!
 22341 | Swamp:3  | Noticed a thorn hunter
 22351 | Swamp:3  | Killed a thorn hunter
 22358 | Swamp:3  | Noticed Donald
 22364 | Swamp:3  | Killed Donald
 22585 | Swamp:2  | Found a runed translucent gate.
 22585 | Swamp:2  | Found a runed translucent gate.
 22585 | Swamp:2  | Found a runed translucent gate.
 22603 | Swamp:2  | Received a gift from Nemelex Xobeh
 22604 | Swamp:2  | Noticed Kolaoc's ghost (journeyman MiBe)
 22623 | Swamp:2  | Killed Kolaoc's ghost
 23137 | Swamp:4  | Entered Level 4 of the Swamp
 23321 | Swamp:4  | Received a gift from Nemelex Xobeh
 23354 | Swamp:4  | Reached skill level 15 in Long Blades
 23553 | Swamp:4  | Reached skill level 5 in Shields
 23795 | Swamp:4  | Received a gift from Nemelex Xobeh
 23824 | Swamp:4  | Reached XP level 17. HP: 139/140 MP: 29/29
 24215 | Swamp:4  | Got a decaying rune of Zot
 24474 | Snake:1  | Entered Level 1 of the Snake Pit
 24491 | Snake:1  | Received a gift from Nemelex Xobeh
 24835 | Snake:1  | Reached skill level 18 in Invocations
 26114 | Snake:2  | Reached skill level 15 in Fighting
 26192 | Snake:2  | Received a gift from Nemelex Xobeh
 26568 | Snake:2  | Found Tuhoq's CLEARANCE SALE!.
 26576 | Snake:2  | Bought a scroll of enchant armour for 22 gold pieces
 26589 | Snake:2  | Received a gift from Nemelex Xobeh
 27097 | Snake:2  | Found Gastrocot's Assorted Antiques.
 27104 | Snake:2  | Bought a glowing cloak for 202 gold pieces
 27279 | Snake:2  | Received a gift from Nemelex Xobeh
 27290 | Snake:2  | Found Ymelivyo's Jewellery Boutique.
 27290 | Snake:2  | Found Toug's Book Shoppe.
 27291 | Snake:2  | Found Sujim's Book Shoppe.
 27712 | Snake:3  | Noticed Jorgrun
 27724 | Snake:3  | Killed Jorgrun
 28088 | Snake:3  | Received a gift from Nemelex Xobeh
 28462 | Snake:4  | Entered Level 4 of the Snake Pit
 28714 | Snake:4  | Reached XP level 18. HP: 137/149 MP: 31/31
 28915 | Snake:4  | Received a gift from Nemelex Xobeh
 29665 | Snake:4  | Noticed Aizul
 29667 | Snake:4  | Received a gift from Nemelex Xobeh
 29674 | Snake:4  | Killed Aizul
 29787 | Snake:4  | Reached skill level 19 in Invocations
 30105 | Snake:4  | Got a serpentine rune of Zot
 30708 | Vaults:1 | Entered Level 1 of the Vaults
 30749 | Vaults:1 | Received a gift from Nemelex Xobeh
 30807 | Vaults:1 | Found a crumbling gateway.
 30818 | Desolati | Entered the Desolation of Salt
 31231 | Desolati | Found the +3 Elemental Staff {rElec rF++ rC++ AC+5}
 31238 | Desolati | Identified the +2 ring mail of Inviolability {Will+}
 31266 | Desolati | Identified the -1 long sword of Zeles {pain, Int+2}
 31266 | Desolati | Identified the +2 executioner's axe of the Mushroom
                  | {freeze, rElec rPois rC+ Dex+3}
 31280 | Desolati | Reached skill level 10 in Shields
 31303 | Desolati | Killed from afar by a halazid warlock

Illustrated notes

Levels and vault maps discovered:
D:1:      tarquinn_simple_flora_water_d, layout_basic, st_stairs_5,
          patterned_corridor
D:2:      layout_rooms, uniq_sigmund
D:3:      layout_rooms, nicolae_sif_muna_condensation, uniq_terence
D:4:      layout_loops_ring, minmay_temple_entry_statues_pillars
D:5:      layout_gridville
D:6:      layout_rooms
D:7:      layout_loops_cross, minivault_10, uniq_pikel, uniq_maggie
D:8:      lemuel_insect_pit, layout_basic, lair_entry_dummy, serial_shops,
          nicolae_shop_advertising_works [nicolae_subvault_shop_adworks]
D:9:      layout_rooms, gammafunk_temple_overflow_wave, serial_shops, shop,
          st_stairs_13, minmay_three_doors
D:10:     layout_loops_ring, mainiacjoe_overflow_brackets,
          kennysheep_orc_monster_closet_entryway,
          amcnicky_mini_rare_corridor_liquid, grunt_ministairs_13,
          minmay_misc_feat_chi, grunt_decor_fettered
D:11:     layout_basic
D:12:     layout_roguey
D:13:     layout_cave_pools, erik_vaults_2, kiku_gazebo_pond_becter
D:14:     hangedman_arrow_trap, layout_cave_pools, serial_glass,
          glass_columns_c, glass_columns_a, uniq_nessos
D:15:     grunt_enter_depths_snipers, layout_cave_pools, serial_shops, shop,
          minmay_diamond_spiral
Temple:   mainiacjoe_temple_coin_purse
Lair:1:   lemuel_reptile_caves, layout_long_grid, wad_woods_river_01
Lair:2:   layout_cave_shapes, skrybe_swamp_entry_bodies,
          portal_ice_cave_entry_imps, serial_bayou, serial_bayou_shore_b,
          serial_bayou_lagoon_b, serial_bayou_pond_a, serial_bayou_crossing,
          serial_bayou_shore_a
Lair:3:   layout_chaotic_city, ldierk_geyser
Lair:4:   layout_cave_pods, dummy_snake_entry
Lair:5:   layout_cave_pods
Lair:6:   wormcave, layout_small_grid, guppyfry_lair_end_dragon,
          minmay_slime_entry_oklob_enclosed
Swamp:1:  nicolae_swamp_long_stream, layout_falls_marsh,
          gammafunk_ghost_mausoleum, evilmike_swamp_ruin_house_2
Swamp:2:  layout_falls_marsh, ebering_ghost_rock_garden,
          hangedman_swamp_ruin_wall
Swamp:3:  layout_basic_swamp, nicolae_swamp_trees_clearing, swamp_pool1,
          uniq_donald
Swamp:4:  swamp_basic_johnstein, layout_basic_swamp, swamp_pool3,
          nicolae_swamp_fairy_circle
Snake:1:  layout_chambers, lemuel_fruit_tree
Snake:2:  layout_chambers, serial_shops,
          nicolae_shop_temple_entry_statues_fountains, nicolae_shop_clearance,
          grunt_megastairs_5, minmay_shop_grove, serial_bayou_shore_b
Snake:3:  layout_gridlike, uniq_jorgrun
Snake:4:  hellmonk_snake_rune_quicksilver_temple, layout_cave_town, uniq_aizul
Vaults:1: portal_desolation_entry_nicolae_nacl, v_misc_25,
          hangedman_vaults_restitches, v_alt_pattern_1, vaults_dpeg_cross,
          layout_vaults_chaotic_city
Desolation

Skill      XL: |  1  2  3  4  5  6  7  8  9 10 11 12 13 14 15 16 17 18 |
---------------+-------------------------------------------------------+-----
Stealth        | 2 |  2.1
Long Blades    | 3 4 5 6 7 8 9 11 12 13 15 16 17 | 17.1
Armour         | 2 3 5 6 7 8 9 10 11 12 13 14 | 14.3
Dodging        | 3 5 6 7 9 10 11 | 11.3
Fighting       | 4 5 6 7 8 9 10 11 12 13 14 15 | 15.8
Invocations    | 2 4 6 7 9 11 12 13 15 16 17 18 19 | 19.3
Shields        | 5 8 10 | 10.1

Action                   |  1- 3 |  4- 6 |  7- 9 | 10-12 | 13-15 | 16-18 || total
-------------------------+-------+-------+-------+-------+-------+-------++-------
Melee: Falchion          |    95 |       |       |       |       |       ||    95
       Short sword       |    40 |   104 |   117 |       |       |       ||   261
       Punch             |     1 |       |     1 |     3 |     9 |    11 ||    25
       Dagger            |       |       |   110 |   276 |   498 |       ||   884
       Touch             |       |       |    33 |    58 |   120 |   128 ||   339
       Great sword       |       |       |       |   243 |   231 |    10 ||   484
       Long sword        |       |       |       |       |     5 |       ||     5
       Rapier            |       |       |       |       |       |   982 ||   982
Throw: Dart              |       |       |       |       |     1 |       ||     1
Invok: Draw Destruction  |       |       |     6 |    29 |    47 |    46 ||   128
       Draw Summoning    |       |       |       |       |     6 |    13 ||    19
       Triple Draw       |       |       |       |       |     1 |     1 ||     2
       Draw Escape       |       |       |       |       |     2 |     2 ||     4
       Deal Four         |       |       |       |       |       |     2 ||     2
       Draw Stack        |       |       |       |       |       |     5 ||     5
       Stack Five        |       |       |       |       |       |     1 ||     1
Evoke: Condenser vane    |       |       |       |     1 |       |       ||     1
  Use: Scroll            |       |    10 |     7 |    10 |     5 |     6 ||    38
       Potion            |       |       |       |       |     4 |     4 ||     8
 Stab: Sleeping          |     1 |       |     1 |     1 |     1 |     2 ||     6
       Confused          |       |       |       |     2 |       |       ||     2
       Distracted        |       |       |       |       |     5 |     3 ||     8
Armor: Robe              |    12 |       |       |       |       |       ||    12
       Scale mail        |    13 |    40 |    66 |       |       |       ||   119
       Swamp dragon scal |       |       |    20 |   273 |   347 |   449 ||  1089
Dodge: Dodged            |    88 |    41 |   104 |   482 |   531 |   663 ||  1909
Block: Kite shield       |       |       |       |       |       |   283 ||   283
